 Dungeon Crawl Stone Soup version 0.29-a0-477-g62b78b4225 (webtiles) character file.

Game seed: 16592850145147957278

3 testman the Conjurer (level 1, -1/14 HPs)
             Began as a Draconian Conjurer on May 24, 2022.
             Slain by a hobgoblin (3 damage)
             ... on level 1 of the Dungeon.
             The game lasted 00:01:06 (108 turns).

testman the Conjurer (Draconian Conjurer)            Turns: 108, Time: 00:01:06

Health: -1/14      AC:  4    Str:  9    XL:     1   Next: 41%
Magic:  1/3        EV: 12    Int: 18    God:
Gold:   0          SH:  0    Dex:  9    Spells: 3/4 levels left

rFire   . . .      SeeInvis .   c - +0 club
rCold   . . .      Faith    .   (no shield)
rNeg    . . .      Spirit   .   (body armour unavailable)
rPois   .          Reflect  .   (helmet restricted)
rElec   .          Harm     .   (no cloak)
rCorr   .          Rampage  .   (no gloves)
Will    .....                   (no boots)
Stlth   ++........              (no amulet)
HPRegen 0.04/turn               (no ring)
MPRegen 0.08/turn               (no ring)

@: no status effects
A: AC +4, unfitting armour, cold-blooded
a: no special abilities


You were on level 1 of the Dungeon.
You visited 1 branch of the dungeon, and saw 1 of its levels.

Inventory:

Hand Weapons
 c - a +0 club (weapon)
Potions
 a - a potion of magic
 b - a potion of heal wounds {unknown}


   Skills:
 - Level 1.7 Dodging
 - Level 1.7 Stealth
 + Level 2.1 Spellcasting
 + Level 4.1 Conjurations


You had 3 spell levels left.
You knew the following spells:

 Your Spells              Type           Power      Damage    Failure   Level
a - Magic Dart            Conj           64%        1d6       3%          1

Your spell library contained the following spells:

 Spells                   Type           Power      Damage    Failure   Level
 Searing Ray              Conj           32%        2d5       4%          2
 Dazzling Flash           Conj/Hex       18%        N/A       22%         3
 Fulminant Prism          Conj/Hex       4%         3d6       58%         4
 Iskenderun's Mystic Bla  Conj/Tloc      9%         2d4       58%         4


Dungeon Overview and Level Annotations

Branches:
Dungeon (1/15)

Altars:


Innate Abilities, Weirdness & Mutations

Your plain brown scales are hard. (AC +4)
You cannot fit into any form of body armour.
You are cold-blooded and may be slowed by cold attacks.


Message History

c - a +0 club (weapon)
Found a stone staircase leading down.
Found a club.
A rat comes into view.
Aiming: Magic Dart (safe; 3% risk of failure)
Press: ? - help, Q - select action Shift-Dir - straight line, f - rat
Aim: a rat (asleep, 100% to hit)
The magic dart hits the rat.
You kill the rat!
A hobgoblin comes into view. It is wielding a +0 hunting sling.
Aiming: Magic Dart (safe; 3% risk of failure)
Press: ? - help, Q - select action Shift-Dir - straight line, f - hobgoblin
Aim: a hobgoblin, wielding a +0 hunting sling (wandering, hasn't noticed you, 100% to hit)
The magic dart hits the hobgoblin but does no damage.
The hobgoblin shouts!
The hobgoblin shoots a sling bullet.
The sling bullet barely misses you.
Aiming: Magic Dart (safe; 3% risk of failure)
Press: ? - help, Q - select action Shift-Dir - straight line, f/p - hobgoblin
Aim: a hobgoblin, wielding a +0 hunting sling (100% to hit)
The magic dart hits the hobgoblin but does no damage.
The hobgoblin shoots a sling bullet.
The sling bullet barely misses you.
Unknown command.
The hobgoblin shoots a sling bullet.
The sling bullet hits you.
The hobgoblin shoots a sling bullet.
The sling bullet hits you!
Ouch! That really hurt!
* * * LOW HITPOINT WARNING * * *
The hobgoblin shoots a sling bullet.
The sling bullet barely misses you.
The hobgoblin shoots a sling bullet.
The sling bullet barely misses you.
The hobgoblin shoots a sling bullet.
The sling bullet closely misses you.
The hobgoblin unwields a +0 hunting sling.
The hobgoblin hits you but does no damage.
You hit the hobgoblin but do no damage.
Your tail-slap misses the hobgoblin.
The hobgoblin closely misses you.
You hit the hobgoblin.
The hobgoblin is moderately wounded.
The hobgoblin hits you but does no damage.
You barely miss the hobgoblin.
The hobgoblin is moderately wounded.
The hobgoblin closely misses you. The hobgoblin hits you.
You die...

............†.# ...
..............####..#
....................#
...................#
.............>....#
.......#..........#
..................#
......g@......##
.......##......##
#.##... ####....## #...#
#####..#### .....
###.........#
############........####
#8#÷#8#÷###.........#
#.#+#.#'#8#.........#
..........'............#


You could see a hobgoblin.

Vanquished Creatures
  An endoplasm (D:1)
  A goblin (D:1)
  A rat (D:1)
3 creatures vanquished.

Notes
Turn   | Place    | Note
-------+----------+-------------------------------------------
     0 | D:1      | testman the Draconian Conjurer began the quest for the Orb.
     0 | D:1      | Reached XP level 1. HP: 14/14 MP: 3/3
   108 | D:1      | Slain by a hobgoblin

Illustrated notes

Levels and vault maps discovered:
D:1:      wander_arrival_abandoned_jail, layout_rooms, serial_shops,
          shop_statue, minmay_surrounded

Action                   || total
-------------------------++-------
Melee: Club              ||     3
       Unarmed           ||     1
 Cast: Magic Dart        ||     8
Armor: Skin              ||     2
Dodge: Dodged            ||     7

Table legend: (Time is in decaauts)
 A = Elapsed time spent in this place.
 B = Non-inter-level travel time spent in this place.
 C = Inter-level travel time spent in this place.
 D = Time resting spent in this place.
 E = Time spent auto-exploring this place.
 F = Levels seen in this place.
 G = Mean time per level.
                   A        B        C        D        E       F      G
               +--------+--------+--------+--------+--------+-----+--------+
         Total |    108 |    108 |      0 |     47 |     27 |   1 |  108.0 |
       Dungeon |    108 |    108 |      0 |     47 |     27 |   1 |  108.0 |
               +--------+--------+--------+--------+--------+-----+--------+

Top non-repeatable levels by time:
     D:1: 108 daAuts
